 Dungeon Crawl Stone Soup version 0.25.0-11-g1f837a7 (webtiles) character file.

Game seed: 14730101352733185758

2692 HilariousDeathArtist the Fighter (level 9, -1/64 HPs)
             Began as a Tengu Assassin on June 25, 2020.
             Was a Believer of Kikubaaqudgha.
             Slain by a komodo dragon (20 damage)
             ... on level 7 of the Dungeon.
             The game lasted 00:08:26 (6713 turns).

HilariousDeathArtist the Fighter (Tengu Assassin)   Turns: 6713, Time: 00:08:27

Health: -1/64      AC: 11    Str: 12    XL:     9   Next: 65%
Magic:  0/10       EV:  6    Int: 13    God:    Kikubaaqudgha [**....]
Gold:   20         SH:  0    Dex: 17    Spells: 8/8 levels left

rFire    . . .     SeeInvis +   a - +2 glaive (vamp) {!w}
rCold    . . .     Gourm    .   (shield currently unavailable)
rNeg     . . .     Faith    .   o - +2 chain mail {rPois}
rPois    +         Spirit   +   (helmet restricted)
rElec    .         Reflect  .   c - +0 cloak
rCorr    .         Harm     .   (no gloves)
MR       .....                  (boots unavailable)
Stlth    ..........             g - amulet of guardian spirit {Spirit}
HPRegen  0.20/turn              r - ring of see invisible {sInv, !d}
MPRegen  0.12/turn              (no ring)

@: about to teleport, stab, flying quickly and evasively, quick
A: beak, talons 3, mutation resistance 1, able to fly
a: Stop Flying, Receive Corpses, Renounce Religion


You were on level 7 of the Dungeon.
You worshipped Kikubaaqudgha.
Kikubaaqudgha was pleased with you.
You were very hungry.

You visited 1 branch of the dungeon, and saw 7 of its levels.

You collected 370 gold pieces.
You spent 350 gold pieces at shops.

Inventory:

Hand Weapons
 a - a +2 vampiric glaive (weapon) {!w}
   (You bought it in a shop on level 6 of the Dungeon)
 l - a +1 vampiric hand axe
   (You found it on level 1 of the Dungeon)
 m - a +2 dire flail of protection
   (You took it off Edmund on level 4 of the Dungeon)
 w - a +3 dagger
 y - a +0 trident
   (You found it on level 5 of the Dungeon)
Missiles
 d - 26 poisoned darts
 e - 2 curare-tipped darts
 u - 3 datura-tipped darts
Armour
 b - a +0 robe
 c - a +0 cloak (worn)
 k - a +1 robe of magic resistance
   (You took it off an orc wizard on level 5 of the Dungeon)
 o - a +2 chain mail of poison resistance (worn)
   (You took it off an orc priest on level 4 of the Dungeon)
 z - a +0 buckler
   (You found it on level 6 of the Dungeon)
Jewellery
 g - an amulet of guardian spirit (around neck) {Spirit}
   (You found it on level 1 of the Dungeon)
 r - a ring of see invisible (left hand) {sInv, !d}
   (You found it on level 3 of the Dungeon)
Wands
 p - a wand of disintegration (1)
   (You found it on level 2 of the Dungeon)
Scrolls
 j - 3 scrolls of identify
 s - a scroll of remove curse
 v - a scroll of amnesia
Potions
 h - a potion of cancellation
 i - a potion of invisibility
 n - a potion of curing
 q - 4 potions of haste
Comestibles
 f - 17 rations


   Skills:
 - Level 11.1 Fighting
 - Level 2.1 Short Blades
 + Level 7.0 Polearms
 - Level 2.0 Throwing
 - Level 1.1 Dodging
 - Level 4.0 Stealth


You had 8 spell levels left.
You didn't know any spells.
Your spell library contained the following spells:

 Spells                   Type           Power        Failure   Level  Hunger
 Animate Skeleton         Necr           N/A          100%        1    ##.....
 Pain                     Necr           #...         100%        1    ##.....
 Corpse Rot               Necr/Air       N/A          100%        2    ###....
 Sublimation of Blood     Necr           #.........   100%        2    ###....
 Stone Arrow              Conj/Erth      #.....       100%        3    ####...
 Vampiric Draining        Necr           #.........   100%        3    ####...
 Summon Forest            Summ/Tloc      #.........   100%        5    ######.
 Eringya's Noxious Bog    Tmut/Pois      #.........   100%        6    #######
 Hydra Form               Tmut           #.........   100%        6    #######
 Summon Hydra             Summ           #.........   100%        7    #######


Dungeon Overview and Level Annotations

Branches:
Dungeon (7/15)
 Temple: D:4-7

Altars:
Cheibriados
Kikubaaqudgha
Qazlal
Ru

Shops:
D:6 *


Innate Abilities, Weirdness & Mutations

You have a beak for a mouth.
You have claws for feet.
You can fly continuously.
You are somewhat resistant to further mutation.


Message History

The quokka moves out of view.
You see here 14 gold pieces.
The hound bites you.
You take 1 damage, and have 63/64 hp.
A wyvern zombie comes into view.
You are feeling very hungry.
The hound barely misses you. The hound bites you but does no damage.
Health restored: 64 You closely miss the hound.
The hound bites you but does no damage. The hound bites you.
You take 3 damage, and have 61/64 hp.
You now have 9/10 mp.
The hound closely misses you.
You closely miss the hound.
The quokka twitches its whiskers.
The hound bites you but does no damage. x2
You closely miss the hound. Your kick misses the hound.
Your peck misses the hound.
The hound bites you but does no damage. x2
The hound bites you but does no damage.
You hit the hound.
You feel better.
Your kick misses the hound.
The hound bites you but does no damage. x2
Health restored: 64 MP restored: 10 You closely miss the hound.
You claw the hound. The hound bites you but does no damage.
The hound bites you.
You take 3 damage, and have 61/64 hp.
Okay, then.
It was a potion of stabbing.
You feel ready to backstab.
The hound bites you but does no damage. x2
A quokka comes into view.
The hound bites you but does no damage.
You hit the hound. Your kick misses the hound.
The hound bites you but does no damage. The hound barely misses you.
You closely miss the hound. You peck the hound, but do no damage.
The hound bites you but does no damage. x2
Your chain mail prevents you from hitting the hound.
Your kick misses the hound. The hound bites you but does no damage.
The hound completely misses you.
You slash the hound!
You feel better.
You kill the hound!
Kikubaaqudgha accepts your kill.
Health restored: 64 You slice the troll!!
You claw the troll. The troll bites you but does no damage.
The troll barely misses you. The troll claws you but does no damage.
You closely miss the troll. You peck the troll.
The troll bites you but does no damage. The troll claws you. x2
You take 3 damage, and have 61/64 hp.
You now have 8/10 mp.
You hit the troll but do no damage.
The komodo dragon hisses menacingly.
The troll bites you but does no damage. The troll claws you but does no damage.
The troll claws you!
You take 8 damage, and have 53/64 hp.
You now have 6/10 mp.
You hit the troll.
You feel better. The troll barely misses you.
The troll claws you but does no damage. The troll claws you.
The troll barely misses you. The troll claws you but does no damage.
The troll claws you.
You take 5 damage, and have 48/64 hp.
You now have 5/10 mp.
You slash the troll! Your kick misses the troll.
You peck the troll, but do no damage. The troll bites you but does no damage.
The troll claws you but does no damage. The troll claws you.
You take 3 damage, and have 45/64 hp.
You now have 4/10 mp.
Your chain mail prevents you from hitting the troll.
The troll completely misses you.
The troll claws you. x2; The troll bites you.
The troll claws you. The troll barely misses you.
You take 9 damage, and have 36/64 hp.
You now have 2/10 mp.
You are too injured to fight recklessly!
You are too injured to fight recklessly!
You are too injured to fight recklessly!
You are too injured to fight recklessly!
You are too injured to fight recklessly!
You are too injured to fight recklessly!
You are too injured to fight recklessly!
You are too injured to fight recklessly!
You are too injured to fight recklessly!
You are too injured to fight recklessly!
You are too injured to fight recklessly!
You are too injured to fight recklessly!
You are too injured to fight recklessly!
Unknown command.
Okay, then.
Your chain mail prevents you from hitting the troll.
Your kick misses the troll. You peck the troll. The troll bites you!
The troll claws you but does no damage. The troll barely misses you.
You take 8 damage, and have 28/64 hp.
You now have 1/10 mp.
You slice the troll!!
You feel better.
You kill the troll!
Kikubaaqudgha accepts your kill.
Your Polearms skill increases to level 7!
The komodo dragon bites you.
Okay, then.
As you read the scroll of teleportation, it crumbles to dust.
You feel strangely unstable. The komodo dragon bites you!
* * * LOW HITPOINT WARNING * * *
You take 11 damage, and have 17/64 hp.
You now have 1/10 mp.
You hit the komodo dragon.
You feel better. The komodo dragon bites you!!
You die...
Kikubaaqudgha rasps: "You have failed me!
Welcome... death!"

#############
#@#.#.#.#.#.##
##l#.#.#.#.#.#####
#..#r#.#.#.#.#.....
...r#.#r#.#.#.#...###
.......#.#.#.#.#.#.....
......#.#.#.#.#.#......
.......#.#.#.#.#.#....#
....###.#.#.#.#.#.....#
.... ..#.#.#.#.#.#....#


You could see a komodo dragon and 2 quokkas.

Vanquished Creatures
  A troll (D:7)
  Grinder (D:4)
  A hungry ghost (D:6)
  Edmund (D:4)
  An orc warrior (D:6)
  An ice beast (D:7)
  2 phantoms
  A sky beast (D:7)
  4 ogres
  2 centaurs (D:5)
  A big kobold (D:4)
  A bullfrog (D:7)
  3 crimson imps
  A centaur zombie (D:6)
  5 hounds
  5 orc priests
  A bullfrog skeleton (D:5)
  6 orc wizards
  Jessica (D:2)
  An iguana (D:6)
  3 worker ants
  A hound skeleton (D:6)
  A worker ant zombie (D:4)
  2 howler monkey zombies
  3 gnolls
  7 adders
  3 oozes
  An adder zombie (D:6)
  A worm (D:3)
  A dart slug (D:1)
  3 leopard geckos
  14 orcs
  4 giant cockroaches
  2 goblins
  6 hobgoblins
  4 jackals
  3 kobolds
  2 quokkas
  6 bats
  4 frilled lizards
  A jackal skeleton (D:6)
  3 quokka skeletons
  5 rats
120 creatures vanquished.

Notes
Turn   | Place    | Note
-------+----------+-------------------------------------------
     0 | D:1      | HilariousDeathArtist the Tengu Assassin began the quest for
                  | the Orb.
     0 | D:1      | Reached XP level 1. HP: 12/12 MP: 2/2
   216 | D:1      | Reached XP level 2. HP: 18/18 MP: 3/3
   577 | D:2      | Found an ancient bone altar of Kikubaaqudgha.
   583 | D:2      | Reached skill level 3 in Fighting
   589 | D:2      | Became a worshipper of Kikubaaqudgha
   740 | D:2      | Noticed Jessica
   749 | D:2      | Killed Jessica
   749 | D:2      | Reached XP level 3. HP: 20/24 MP: 2/4
   839 | D:2      | Reached skill level 4 in Fighting
  1047 | D:2      | Reached XP level 4. HP: 22/29 MP: 5/5
  1556 | D:3      | Found a stormy altar of Qazlal.
  1599 | D:3      | Found a sacrificial altar of Ru.
  1720 | D:3      | Found a faded altar of an unknown god.
  1733 | D:3      | Gained mutation: You are somewhat resistant to further
                  | mutation. [potion of mutation]
  1733 | D:3      | Gained mutation: Your magical capacity is low. (-10% MP)
                  | [potion of mutation]
  1733 | D:3      | Gained mutation: You can translocate small distances at
                  | will. [potion of mutation]
  1735 | D:3      | Lost mutation: Your magical capacity is low. (-10% MP)
                  | [potion of mutation]
  1735 | D:3      | Lost mutation: You can translocate small distances at will.
                  | [potion of mutation]
  2188 | D:3      | Noticed a water elemental
  2189 | D:3      | Noticed an earth elemental
  2189 | D:3      | Noticed a fire elemental
  2189 | D:3      | Noticed an air elemental
  2378 | D:3      | Reached * piety under Kikubaaqudgha
  2378 | D:3      | Identified Kikubaaqudgha's Incunabulum of Dark Secrets
                  | (Kikubaaqudgha gifted it to you on level 3 of the Dungeon)
  2378 | D:3      | Received a gift from Kikubaaqudgha
  2378 | D:3      | Reached skill level 5 in Fighting
  2515 | D:4      | Noticed Edmund
  2560 | D:4      | Noticed a big kobold
  2564 | D:4      | Killed a big kobold
  2564 | D:4      | Gained mutation: You can fly continuously. [Tengu growth]
  2564 | D:4      | Reached XP level 5. HP: 25/36 MP: 6/6
  2633 | D:4      | Reached skill level 6 in Fighting
  2637 | D:4      | Reached XP level 6. HP: 41/41 MP: 4/7
  2938 | D:4      | Reached skill level 7 in Fighting
  3172 | D:4      | Noticed Grinder
  3243 | D:4      | Paralysed by Grinder for 7 turns
  3266 | D:4      | Killed Grinder
  3266 | D:4      | Reached skill level 8 in Fighting
  3266 | D:4      | Reached XP level 7. HP: 49/49 MP: 8/8
  3670 | D:4      | Killed Edmund
  3909 | D:4      | Found a snail-covered altar of Cheibriados.
  3976 | D:5      | Entered Level 5 of the Dungeon
  3992 | D:5      | Reached skill level 9 in Fighting
  3992 | D:5      | Reached XP level 8. HP: 39/56 MP: 6/9
  4568 | D:5      | Reached skill level 10 in Fighting
  4581 | D:5      | Reached ** piety under Kikubaaqudgha
  5134 | D:6      | Found Muon's General Store.
  5344 | D:6      | Bought a scroll of amnesia for 49 gold pieces
  5451 | D:6      | Reached skill level 11 in Fighting
  5512 | D:6      | Reached XP level 9. HP: 54/64 MP: 5/10
  5662 | D:6      | Reached skill level 1 in Polearms
  5672 | D:6      | Reached skill level 2 in Polearms
  5688 | D:6      | Reached skill level 3 in Polearms
  6031 | D:6      | Reached skill level 4 in Polearms
  6538 | D:6      | Bought a +0 vampiric glaive for 301 gold pieces
  6607 | D:7      | Reached skill level 5 in Polearms
  6649 | D:7      | Reached skill level 6 in Polearms
  6674 | D:7      | Noticed a komodo dragon
  6674 | D:7      | Noticed a troll
  6711 | D:7      | Killed a troll
  6711 | D:7      | Reached skill level 7 in Polearms
  6713 | D:7      | Slain by a komodo dragon

Illustrated notes

Levels and vault maps discovered:
D:1:      wheals_arrival_shading, layout_rooms
D:2:      layout_loops_corners, kiku_gazebo_garden_becter, amethyst_killhole,
          skrybe_limestone_x, uniq_jessica
D:3:      layout_basic, nicolae_qazlal_style_of_elements,
          chequers_ecumenical_altar_simple_redux, hangedman_ru_absence
D:4:      layout_cave_pools, cheibriados_altar_1, first_ration, uniq_grinder,
          uniq_edmund
D:5:      layout_cave_pools
D:6:      layout_cave_pools, serial_shops, nicolae_shop_statue_plus,
          serial_rivers, chequers_serial_rivers_marsh,
          chequers_serial_rivers_small_a, chequers_serial_rivers_large_a,
          chequers_serial_rivers_marsh, chequers_serial_rivers_small_3,
          chequers_serial_rivers_micro_d, palyth_stone_intersect
D:7:      cheibrodos_fzero, layout_basic, old_standard_altar,
          grunt_temple_overflow_open, minmay_temple_entry_fiery, minivault_23

Skill      XL: |  1  2  3  4  5  6  7  8  9 |
---------------+----------------------------+-----
Fighting       | 3 4 5 6 8 9 11 | 11.1
Polearms       | 7 |  7.0
Short Blades   | |  2.1
Throwing       | |  2.0
Dodging        | |  1.1
Stealth        | |  4.0

Action                   |  1- 3 |  4- 6 |  7- 9 || total
-------------------------+-------+-------+-------++-------
Melee: Dagger            |    46 |   102 |   265 ||   413
       Peck              |     5 |    13 |    76 ||    94
       Kick              |     6 |    20 |    98 ||   124
       Glaive            |       |       |    43 ||    43
Throw: Dart              |       |       |    12 ||    12
 Abil: Fly               |       |     1 |       ||     1
Evoke: Wand              |       |     2 |     6 ||     8
  Use: Potion            |       |     7 |     1 ||     8
       Scroll            |       |     5 |     5 ||    10
 Stab: Sleeping          |     3 |     7 |       ||    10
       Invisible         |       |     3 |       ||     3
  Eat: Chunk             |       |     7 |    15 ||    22
Armor: Robe              |     8 |    16 |       ||    24
       Chain mail        |       |       |   195 ||   195
Dodge: Dodged            |    31 |    51 |    91 ||   173
Block: Buckler           |       |       |     1 ||     1

Levels and vault maps discovered:
D:1:      wheals_arrival_shading, layout_rooms
D:2:      layout_loops_corners, kiku_gazebo_garden_becter, amethyst_killhole,
          skrybe_limestone_x, uniq_jessica
D:3:      layout_basic, nicolae_qazlal_style_of_elements,
          chequers_ecumenical_altar_simple_redux, hangedman_ru_absence
D:4:      layout_cave_pools, cheibriados_altar_1, first_ration, uniq_grinder,
          uniq_edmund
D:5:      layout_cave_pools
D:6:      layout_cave_pools, serial_shops, nicolae_shop_statue_plus,
          serial_rivers, chequers_serial_rivers_marsh,
          chequers_serial_rivers_small_a, chequers_serial_rivers_large_a,
          chequers_serial_rivers_marsh, chequers_serial_rivers_small_3,
          chequers_serial_rivers_micro_d, palyth_stone_intersect
D:7:      cheibrodos_fzero, layout_basic, old_standard_altar,
          grunt_temple_overflow_open, minmay_temple_entry_fiery, minivault_23

Table legend:
 A = Turns spent in this place as a percentage of turns spent in the entire game.
 B = Non-inter-level travel turns spent in this place as a percentage of non-inter-level travel turns spent in the entire game.
 C = Inter-level travel turns spent in this place as a percentage of turns spent in this place.
 D = Turns resting spent in this place as a percentage of non-inter-level travel turns spent in this place.
 E = Turns spent auto-exploring this place as a percentage of non-inter-level travel turns spent in this place.
 F = Non-inter-level travel turns spent in this place divided by the number of levels of this place that you've seen.
                   A       B       C       D       E      F
               +-------+-------+-------+-------+-------+----------------------
         Total | 100.0 | 100.0 |   6.7 |  25.0 |  55.9 | 894.4
       Dungeon | 100.0 | 100.0 |   6.7 |  25.0 |  55.9 | 894.4
               +-------+-------+-------+-------+-------+----------------------

Table legend:
 A = Kills in this place as a percentage of kills in entire the game.
 B = Kills by you in this place as a percentage of kills by you in the entire game.
 C = Kills by friends in this place as a percentage of kills by friends in the entire game.
 D = Other kills in this place as a percentage of other kills in the entire game.
 E = Experience gained in this place as a percentage of experience gained in the entire game.
 F = Experience gained in this place divided by the number of levels of this place that you have seen.
                   A       B       C       D       E      F
               +-------+-------+-------+-------+-------+----------------------
         Total | 100.0 | 100.0 |   N/A |   N/A | 100.0 | 549.6
       Dungeon | 100.0 | 100.0 |   N/A |   N/A | 100.0 | 549.6
               +-------+-------+-------+-------+-------+----------------------
